 Dungeon Crawl Stone Soup version 0.21.1-1-g345015f (webtiles) character file.

992 theblackcape the Ruffian (level 7, -1/66 HPs)
             Began as a Troll Transmuter on June 11, 2018.
             Shot with an arrow by a centaur (13 damage)
             ... on level 5 of the Dungeon.
             The game lasted 00:23:33 (3555 turns).

theblackcape the Ruffian (Troll Transmuter)         Turns: 3555, Time: 00:23:35

Health: -1/66      AC:  6    Str: 19    XL:     7   Next: 98%
Magic:  9/10       EV: 10    Int: 11    God:
Gold:   244        SH:  0    Dex: 10    Spells: 8/11 levels left

rFire    . . .     SeeInvis .     - Unarmed
rCold    . . .     Gourm    +   (no shield)
rNeg     . . .     Faith    .   v - +0 robe {Archmagi}
rPois    .         Spirit   .   (helmet restricted)
rElec    .         Reflect  .   t - +0 cloak
rCorr    .         Harm     .   (gloves unavailable)
MR       .....                  (boots unavailable)
Stlth    +.........             (no amulet)
HPRegen  0.61/turn              g - ring of flight
MPRegen  0.12/turn              (no ring)

@: appendage (expiring)
A: large, unfitting armour, claws 3, horns 2, fast metabolism 3, gourmand,
regeneration 1, shaggy fur 1, tough skin 2
a: End Transformation, Evoke Flight


You were on level 5 of the Dungeon.
You were completely stuffed.
You had grown temporary horns.
You visited 1 branch of the dungeon, and saw 6 of its levels.

You collected 244 gold pieces.

Inventory:

Hand Weapons
 s - a +4 quarterstaff of chaos
Missiles
 a - 9 arrows
Armour
 t - a +0 cloak (worn)
 v - a +0 robe of the Archmagi (worn)
Jewellery
 g - a ring of flight (left claw)
 w - an uncursed ring of flight
Wands
 b - a wand of random effects (38)
Scrolls
 e - 5 scrolls of identify
 i - a scroll of fog {unknown}
 l - 3 scrolls of remove curse {unknown}
 m - 2 scrolls of teleportation {unknown}
 n - a scroll of fear {unknown}
 p - 2 scrolls of enchant weapon {unknown}
 q - a scroll of blinking {unknown}
 r - a scroll of magic mapping {unknown}
Potions
 f - 5 potions of curing {unknown}
 h - a potion of haste {unknown}
 j - a potion of magic {unknown}
 k - a potion of ambrosia {unknown}
 o - a potion of flight {unknown}
 u - a potion of heal wounds {unknown}
Books
 c - a book of Changes

   Spells                             Type                      Level
   a - Beastly Appendage              Transmutation                1
   b - Sticks to Snakes               Transmutation                2
   c - Spider Form                    Transmutation/Poison         3
   d - Ice Form                       Ice/Transmutation            4
   e - Blade Hands                    Transmutation                5
Comestibles
 d - 11 rations
 x - 9 chunks of flesh


   Skills:
 + Level 2.3 Fighting
 + Level 3.0 Dodging
 + Level 6.7 Unarmed Combat
 + Level 2.8 Spellcasting
 + Level 2.9 Transmutations
 + Level 0.1 Evocations


You had 8 spell levels left.
You knew the following spells:

 Your Spells              Type           Power        Failure   Level  Hunger
a - Beastly Appendage     Tmut           ##....       8%          1    #......
b - Sticks to Snakes      Tmut           ##......     12%         2    ###....


Dungeon Overview and Level Annotations

Branches:
Dungeon (6/15)
 Temple: D:4-7

Altars:
Elyvilon
Gozag
Makhleb
Sif Muna
Trog
Vehumet

Shops:
D:4 }

Annotations:
D:5 Grinder


Innate Abilities, Weirdness & Mutations

You are too large for most types of armour.
You have claws for hands.
Your metabolism is lightning-fast.
You like to eat raw meat.
Your natural rate of healing is unusually fast.
You are covered in fur. (AC +1)
You have very tough skin. (AC +2)
You have a pair of horns on your head.


Message History

The centaur wields a shortbow.
The centaur shoots an arrow.
The arrow closely misses the freed slave.
The arrow hits the freed slave.
The worker ant bites the freed slave but does no damage.
The freed slave barely misses the centaur.
The centaur unwields an uncursed shortbow.
The centaur barely misses the freed slave.
Something misses the freed slave.
The worker ant bites the freed slave but does no damage.
The freed slave hits the centaur!
The freed slave barely misses the worker ant.
The centaur hits the freed slave but does no damage.
The freed slave hits the centaur.
Something barely misses the freed slave.
The worker ant closely misses the freed slave.
The centaur wields an uncursed shortbow.
The centaur shoots an arrow.
The arrow barely misses the freed slave.
The arrow misses the freed slave.
The arrow hits you!
You die...

#.# #.# # ###.# #.# # .#.#
#.# # $.# #.# # #.# #># #
#########.###.######## #
......................
..pc######........########
..appp)†.@.##...###
...##########....# #.#..#
#.#..# ## .#
#....########. ..##
...#.......... ..#
##...##......... #.#
#............... ..
#.###.#..##.........


You could see a centaur, a worker ant and 4 neutral freed slaves.

Vanquished Creatures
  Pikel (D:5)
  A howler monkey (D:4)
  A crimson imp (D:5)
  3 bullfrog zombies (D:5)
  An orc priest (D:4)
  Crazy Yiuf (D:4)
  4 worker ants
  An orc wizard (D:5)
  A hound skeleton (D:5)
  4 gnolls (D:5)
  6 adders
  An adder skeleton (D:4)
  A worm (D:2)
  2 leopard geckos
  11 orcs
  A giant cockroach (D:5)
  7 goblins
  8 hobgoblins
  6 jackals
  2 quokkas
  2 ball pythons
  2 bats
  3 frilled lizards
  4 kobolds
  A leopard gecko zombie (D:5)
  A quokka skeleton (D:5)
  4 rats
80 creatures vanquished.

Vanquished Creatures (collateral kills)
  A crimson imp (D:4)
  An orc (D:3)
2 creatures vanquished.

Grand Total: 82 creatures vanquished

Notes
Turn   | Place    | Note
-------+----------+-------------------------------------------
     0 | D:1      | theblackcape the Troll Transmuter began the quest for the Orb.
     0 | D:1      | Reached XP level 1. HP: 18/18 MP: 1/1
   419 | D:1      | Reached XP level 2. HP: 20/26 MP: 2/2
   949 | D:2      | Reached XP level 3. HP: 29/32 MP: 0/4
  1223 | D:3      | Learned a level 2 spell: Sticks to Snakes
  1295 | D:2      | Found an opulent altar of Gozag.
  1351 | D:2      | Reached skill level 4 in Unarmed Combat
  1351 | D:2      | Reached XP level 4. HP: 38/40 MP: 3/5
  1472 | D:3      | Found a white marble altar of Elyvilon.
  1472 | D:3      | Found a deep blue altar of Sif Muna.
  1924 | D:4      | Reached XP level 5. HP: 43/46 MP: 5/7
  2016 | D:4      | Found Edwum's Gadget Boutique.
  2035 | D:4      | Reached skill level 1 in Fighting
  2318 | D:4      | Found a burning altar of Makhleb.
  2320 | D:4      | Found a radiant altar of Vehumet.
  2329 | D:4      | Reached XP level 6. HP: 48/55 MP: 3/8
  2790 | D:4      | Found a runed door.
  2794 | D:4      | Noticed Crazy Yiuf
  2802 | D:4      | Killed Crazy Yiuf
  3147 | D:5      | Entered Level 5 of the Dungeon
  3148 | D:5      | Found a bloodstained altar of Trog.
  3176 | D:5      | Reached skill level 5 in Unarmed Combat
  3272 | D:5      | Found a radiant altar of Vehumet.
  3436 | D:5      | Reached XP level 7. HP: 42/63 MP: 7/9
  3534 | D:5      | Noticed Pikel
  3544 | D:5      | Noticed Grinder
  3553 | D:5      | Killed Pikel
  3553 | D:5      | Reached skill level 6 in Unarmed Combat
  3555 | D:5      | Shot with an arrow by a centaur

Skill      XL: |  1  2  3  4  5  6  7 |
---------------+----------------------+-----
Dodging        | 2 3 |  3.0
Unarmed Combat | 4 5 6 |  6.7
Spellcasting   | 2 |  2.8
Transmutations | 2 |  2.9
Fighting       | 1 2 |  2.3
Evocations     | |  0.1

Action                   |  1- 3 |  4- 6 |  7- 9 || total
-------------------------+-------+-------+-------++-------
Melee: Unarmed           |    87 |   125 |    24 ||   236
       Punch             |     3 |     2 |       ||     5
       Headbutt          |       |     5 |       ||     5
       Kick              |       |     4 |       ||     4
 Cast: Beastly Appendage |    19 |    19 |     3 ||    41
       Sticks to Snakes  |       |     3 |       ||     3
 Abil: Evoke Flight      |       |     1 |       ||     1
  Use: Scroll            |       |     1 |       ||     1
  Eat: Chunk             |    15 |    19 |     2 ||    36
       Ration            |     1 |       |       ||     1
Armor: Robe              |    24 |    31 |     4 ||    59
Dodge: Dodged            |    43 |    63 |     8 ||   114
